 Dungeon Crawl Stone Soup version 0.21.1-1-g345015f (webtiles) character file.

3384 tidbits the Magician (level 10, 47/77 HPs)
             Began as a Gnoll Skald on Feb 10, 2018.
             Quit the game on level 1 of the Lair of Beasts on Feb 11, 2018.
             The game lasted 00:24:20 (2252 turns).

tidbits the Magician (Gnoll Skald)                  Turns: 2252, Time: 00:24:20

Health: 47/77      AC:  9    Str: 14    XL:     10   Next: 4%
Magic:  8/20       EV: 16    Int: 18    God:
Gold:   374        SH:  5    Dex: 15    Spells: 12/23 levels left

rFire    . . .     SeeInvis .   F - +0 whip (elec)
rCold    . . .     Gourm    .   D - +0 buckler
rNeg     . . .     Faith    .   B - +0 troll leather armour
rPois    .         Spirit   .   E - +2 helmet
rElec    .         Reflect  .   C - +0 cloak
rCorr    .         Harm     +   (no gloves)
MR       .....                  (no boots)
Stlth    ++++......             k - amulet of harm
HPRegen  0.62/turn              G - ring of stealth
MPRegen  0.17/turn              (no ring)

@: shrouded
A: distributed training, fangs 1, strong nose
a: no special abilities


You were on level 1 of the Lair of Beasts.
You were not hungry.

You visited 3 branches of the dungeon, and saw 12 of its levels.
You also visited: Sewer.

You collected 374 gold pieces.

Inventory:

Hand Weapons
 a - a +0 hand axe
 d - a +0 dagger
 f - a +0 quick blade
 j - a +0 rapier
 n - a +0 hunting sling
 q - a +0 short sword
 F - a +0 whip of electrocution (weapon)
   (You took it off Pikel on level 5 of the Dungeon)
 I - a +1 dagger of holy wrath
   (You took it off an orc wizard on level 8 of the Dungeon)
Missiles
 e - 117 arrows
 v - 65 stones (quivered)
 H - 7 needles of paralysis
 K - a throwing net {!f}
Armour
 i - a cursed +0 plate armour
 y - a +0 hat
 B - a +0 troll leather armour (worn)
 C - a +0 cloak (worn)
 D - a +0 buckler (worn)
 E - a +2 helmet (worn)
 M - a +0 leather armour
Jewellery
 k - an amulet of harm (around neck)
   (You found it on level 3 of the Dungeon)
 l - an uncursed ring of teleportation
   (You found it on level 4 of the Dungeon)
 G - a ring of stealth (left hand)
   (You found it on level 6 of the Dungeon)
Wands
 b - a wand of iceblast (4)
 J - a wand of clouds (7)
Scrolls
 o - 3 scrolls of teleportation
 r - a scroll of remove curse
 t - 2 scrolls of enchant weapon {unknown}
 u - a scroll of amnesia
 w - a scroll of noise
 A - a scroll of blinking {unknown}
 L - a scroll of brand weapon {unknown}
 N - a scroll of vulnerability {unknown}
Potions
 g - 4 potions of might {unknown}
 h - a potion of berserk rage
 m - a potion of curing
 p - 4 potions of flight
 x - a potion of brilliance
 z - a potion of haste
Books
 s - a book of Battle

   Spells                             Type                      Level
   a - Infusion                       Charms                       1
   b - Shroud of Golubria             Charms/Translocation         2
   c - Song of Slaying                Charms                       2
   d - Spectral Weapon                Hexes/Charms                 3
   e - Regeneration                   Charms/Necromancy            3
Comestibles
 c - 15 rations


   Skills:
 + Level 6.7 Fighting
 + Level 4.7 Short Blades
 + Level 4.7 Long Blades
 + Level 6.7 Axes
 + Level 4.7 Maces & Flails
 + Level 4.7 Polearms
 + Level 4.7 Staves
 + Level 4.7 Slings
 + Level 4.7 Bows
 + Level 4.7 Crossbows
 + Level 4.7 Throwing
 + Level 5.4 Armour
 + Level 6.7 Dodging
 + Level 4.7 Stealth
 + Level 4.7 Shields
 + Level 4.7 Unarmed Combat
 + Level 7.0 Spellcasting
 + Level 3.9 Conjurations
 + Level 3.9 Hexes
 + Level 6.8 Charms
 + Level 3.9 Summonings
 + Level 3.9 Necromancy
 + Level 3.9 Translocations
 + Level 3.9 Transmutations
 + Level 3.9 Fire Magic
 + Level 3.9 Ice Magic
 + Level 3.9 Air Magic
 + Level 3.9 Earth Magic
 + Level 3.9 Poison Magic
 + Level 5.2 Invocations
 + Level 4.7 Evocations


You had 12 spell levels left.
You knew the following spells:

 Your Spells              Type           Power        Failure   Level  Hunger
g - Shroud of Golubria    Chrm/Tloc      ####......   2%          2    None
i - Infusion              Chrm           ####         1%          1    None
r - Regeneration          Chrm/Necr      ####......   4%          3    ##.....
w - Spectral Weapon       Hex/Chrm       ####....     4%          3    ##.....
y - Song of Slaying       Chrm           ####....     1%          2    None


Dungeon Overview and Level Annotations

Branches:
Dungeon (10/15)            Temple (1/1) D:7            Lair (1/6) D:10
    Orc: D:9-12

Altars:
Ashenzari
Elyvilon
Fedhas
Gozag
Hepliaklqana
Kikubaaqudgha
Makhleb
Nemelex Xobeh
Sif Muna
Uskayaw
Vehumet
Zin
The Shining One


Innate Abilities, Weirdness & Mutations

Your experience applies equally to all skills.
You have very sharp teeth.
Your uncanny sense of smell can sniff out nearby items.


Message History

Your spectral weapon misses the hound.
The hound bites you.
You barely miss the hound.
The hound is moderately wounded.
Your spectral weapon barely misses the hound.
The hound misses you.
You hit the hound. Your bite misses the hound.
The hound is almost dead.
Your spectral weapon barely misses the hound.
The hound barely misses you. The hound bites you but does no damage.
You whack the hound! Lightning courses through the hound!
You kill the hound!
Wear which item? (? for menu, Esc to quit)
You start putting on your armour.
You continue putting on your +0 troll leather armour. x4
You finish putting on your +0 troll leather armour.
Adjust (i)tems, (s)pells, or (a)bilities?
Adjust which item? (? for menu, Esc to quit)
M - a +0 troll leather armour (worn)
Adjust to which letter? (? for menu, Esc to quit)
B - a +0 troll leather armour (worn);
M - a +0 leather armour
Found 14 gold pieces.
Things that are here:
a hound corpse x2
An electric eel comes into view.
The electric eel shoots out a bolt of lightning at you!
The bolt of electricity misses you.
The electric eel shoots out a bolt of lightning at you!
The bolt of electricity hits you!
You see here 14 gold pieces.
The electric eel shoots out a bolt of lightning at you!
The bolt of electricity hits you!
* * * LOW HITPOINT WARNING * * *
You whack the electric eel!
The electric eel is almost dead.
Your spectral weapon misses the electric eel.
You whack the electric eel!
You kill the electric eel!
You hear a splash.
Your song is almost over.
You see here 14 gold pieces.
You now have 374 gold pieces (gained 14).
Your spectral weapon fades away.
Found a scroll labeled URHYFAAMUSE.
Found a staircase to the Lair.
Your song has ended.
Found 2 black potions.
Found 14 gold pieces.
Why would you want to do that?
Unknown command.
You see here a scroll labeled URHYFAAMUSE.
N - a scroll labeled URHYFAAMUSE
There is a staircase to the Lair here.
You see here 2 black potions.
g - 4 black potions (gained 2)
There is a staircase to the Lair here.
You climb downwards.
Welcome to the Lair of Beasts!
Found 20 stones.
There is a staircase back to the Dungeon here.
Unknown command.
A komodo dragon comes into view.
Casting: Song of Slaying
Confirm with . or Enter, or press ? or * to list all spells.
Space distorts slightly along a thin shroud covering your body.
Casting: Shroud of Golubria
Confirm with . or Enter, or press ? or * to list all spells.
You draw out your weapon's spirit!
The helpless komodo dragon fails to defend itself.
You hit the komodo dragon but do no damage.
Lightning courses through the komodo dragon!
The komodo dragon is moderately wounded.
Your spectral weapon hits the komodo dragon.
Lightning courses through the komodo dragon!
The komodo dragon barely misses you.
You barely miss the komodo dragon.
The komodo dragon is severely wounded.
Your spectral weapon hits the komodo dragon.
You block the komodo dragon's attack.
You hit the komodo dragon.
The komodo dragon is almost dead.
Your spectral weapon hits the komodo dragon.
You kill the komodo dragon!
Your Spellcasting skill increases to level 7!
You have reached level 10!
You see here a komodo dragon corpse.
Found 12 poisoned needles.
Your spectral weapon fades away.
A porcupine comes into view.
Found a sapphire potion.
Casting: Spectral Weapon
Confirm with . or Enter, or press ? or * to list all spells.
You draw out your weapon's spirit!
The porcupine closely misses you.
You are struck by the porcupine's spines.
You whack the porcupine!
The porcupine is heavily wounded.
The porcupine barely misses you.
Your spectral weapon is struck by the porcupine's spines.
Your spectral weapon shares its damage with you!
Your spectral weapon closely misses the porcupine.
Are you sure you want to abandon this character and quit the game? (Confirm with "yes".)

...................#
#.#.##............#
######............#
#...#.##......#
##..#...#.....#
#..#...#.....#
#..#.........#
#..#...#.....##
...+...#..(@..#
........r.##
....#.....#
.#.#......#
........!..
#####.##..## ## #..#
#..#


You could see a porcupine and a friendly spectral whip of electrocution.

Vanquished Creatures
  A two-headed ogre (D:8)
  Pikel (D:5)
  Maurice (D:8)
  A komodo dragon (Lair:1)
  A troll (D:10)
  Eustachio (D:5)
  4 wolves (D:10)
  2 ogres
  A centaur (D:6)
  A big kobold (D:8)
  2 bullfrogs
  An electric eel (D:10)
  5 hounds
  A jelly (D:6)
  An orc wizard (D:8)
  A centaur skeleton (D:5)
  An iguana (D:5)
  2 worker ants
  A merfolk avatar (Sewer)
  A merfolk siren (Sewer)
  A worker ant zombie (D:5)
  7 adders
  2 river rats (Sewer)
  3 worms
  3 dart slugs
  2 leopard geckos
  4 orcs
  10 ball pythons
  5 bats
  8 giant cockroaches
  2 goblins (D:1)
  10 hobgoblins
  3 quokkas
  11 frilled lizards
  8 kobolds
  A leopard gecko skeleton (D:8)
  A quokka zombie (D:8)
  22 rats
133 creatures vanquished.

Vanquished Creatures (others)
  A leopard gecko (D:5)
1 creature vanquished.

Grand Total: 134 creatures vanquished

Notes
Turn   | Place    | Note
-------+----------+-------------------------------------------
     0 | D:1      | tidbits the Gnoll Skald began the quest for the Orb.
     0 | D:1      | Reached XP level 1. HP: 20/20 MP: 6/6
    62 | D:1      | Reached XP level 2. HP: 25/26 MP: 0/7
    66 | D:1      | Learned a level 2 spell: Song of Slaying
    69 | D:1      | Learned a level 2 spell: Shroud of Golubria
   217 | D:1      | Reached XP level 3. HP: 18/31 MP: 5/9
   222 | D:1      | Learned a level 3 spell: Regeneration
   226 | D:1      | Learned a level 3 spell: Spectral Weapon
   287 | D:1      | Reached skill level 5 in Spellcasting
   441 | D:3      | Reached skill level 1 in Invocations
   475 | D:3      | Reached skill level 1 in Short Blades
   475 | D:3      | Reached skill level 1 in Long Blades
   475 | D:3      | Reached skill level 1 in Maces & Flails
   475 | D:3      | Reached skill level 1 in Polearms
   475 | D:3      | Reached skill level 1 in Staves
   475 | D:3      | Reached skill level 1 in Slings
   475 | D:3      | Reached skill level 1 in Bows
   475 | D:3      | Reached skill level 1 in Crossbows
   475 | D:3      | Reached skill level 1 in Throwing
   475 | D:3      | Reached skill level 1 in Stealth
   475 | D:3      | Reached skill level 1 in Shields
   475 | D:3      | Reached skill level 1 in Unarmed Combat
   475 | D:3      | Reached skill level 1 in Evocations
   480 | D:3      | Reached XP level 4. HP: 24/38 MP: 1/11
   555 | D:5      | Entered Level 5 of the Dungeon
   555 | D:5      | Noticed Pikel
   555 | D:5      | Noticed a slave
   555 | D:5      | Noticed a slave
   555 | D:5      | Noticed a slave
   555 | D:5      | Noticed a slave
   582 | D:3      | Noticed a bullfrog
   590 | D:3      | Killed a bullfrog
   590 | D:3      | Reached skill level 1 in Conjurations
   590 | D:3      | Reached skill level 1 in Hexes
   590 | D:3      | Reached skill level 1 in Summonings
   590 | D:3      | Reached skill level 1 in Necromancy
   590 | D:3      | Reached skill level 1 in Translocations
   590 | D:3      | Reached skill level 1 in Transmutations
   590 | D:3      | Reached skill level 1 in Fire Magic
   590 | D:3      | Reached skill level 1 in Ice Magic
   590 | D:3      | Reached skill level 1 in Air Magic
   590 | D:3      | Reached skill level 1 in Earth Magic
   590 | D:3      | Reached skill level 1 in Poison Magic
   590 | D:3      | Reached XP level 5. HP: 32/43 MP: 3/12
   671 | D:3      | Found a glowing drain.
   732 | Sewer    | Entered a sewer
   810 | Sewer    | Reached skill level 3 in Armour
   926 | Sewer    | Reached XP level 6. HP: 46/50 MP: 6/13
   965 | Sewer    | Reached skill level 2 in Invocations
  1156 | D:5      | Noticed Eustachio
  1170 | D:5      | Reached skill level 5 in Fighting
  1170 | D:5      | Reached skill level 2 in Short Blades
  1170 | D:5      | Reached skill level 2 in Long Blades
  1170 | D:5      | Reached skill level 5 in Axes
  1170 | D:5      | Reached skill level 2 in Maces & Flails
  1170 | D:5      | Reached skill level 2 in Polearms
  1170 | D:5      | Reached skill level 2 in Staves
  1170 | D:5      | Reached skill level 2 in Slings
  1170 | D:5      | Reached skill level 2 in Bows
  1170 | D:5      | Reached skill level 2 in Crossbows
  1170 | D:5      | Reached skill level 2 in Throwing
  1170 | D:5      | Reached skill level 5 in Dodging
  1170 | D:5      | Reached skill level 2 in Stealth
  1170 | D:5      | Reached skill level 2 in Shields
  1170 | D:5      | Reached skill level 2 in Unarmed Combat
  1170 | D:5      | Reached skill level 2 in Evocations
  1171 | D:5      | Killed Eustachio
  1171 | D:5      | Reached XP level 7. HP: 56/56 MP: 6/15
  1327 | D:6      | Reached skill level 2 in Conjurations
  1327 | D:6      | Reached skill level 2 in Hexes
  1327 | D:6      | Reached skill level 2 in Summonings
  1327 | D:6      | Reached skill level 2 in Necromancy
  1327 | D:6      | Reached skill level 2 in Translocations
  1327 | D:6      | Reached skill level 2 in Transmutations
  1327 | D:6      | Reached skill level 2 in Fire Magic
  1327 | D:6      | Reached skill level 2 in Ice Magic
  1327 | D:6      | Reached skill level 2 in Air Magic
  1327 | D:6      | Reached skill level 2 in Earth Magic
  1327 | D:6      | Reached skill level 2 in Poison Magic
  1519 | D:5      | Killed Pikel
  1519 | D:5      | Reached skill level 3 in Short Blades
  1519 | D:5      | Reached skill level 3 in Long Blades
  1519 | D:5      | Reached skill level 3 in Maces & Flails
  1519 | D:5      | Reached skill level 3 in Polearms
  1519 | D:5      | Reached skill level 3 in Staves
  1519 | D:5      | Reached skill level 3 in Slings
  1519 | D:5      | Reached skill level 3 in Bows
  1519 | D:5      | Reached skill level 3 in Crossbows
  1519 | D:5      | Reached skill level 3 in Throwing
  1519 | D:5      | Reached skill level 4 in Armour
  1519 | D:5      | Reached skill level 3 in Stealth
  1519 | D:5      | Reached skill level 3 in Shields
  1519 | D:5      | Reached skill level 3 in Unarmed Combat
  1519 | D:5      | Reached skill level 6 in Charms
  1519 | D:5      | Reached skill level 3 in Invocations
  1519 | D:5      | Reached skill level 3 in Evocations
  1519 | D:5      | Reached XP level 8. HP: 25/63 MP: 10/16
  1555 | D:5      | Reached skill level 6 in Spellcasting
  1713 | D:7      | Found a staircase to the Ecumenical Temple.
  1722 | Temple   | Entered the Ecumenical Temple
  1959 | D:8      | Noticed Maurice
  1964 | D:8      | Killed Maurice
  1964 | D:8      | Reached skill level 3 in Conjurations
  1964 | D:8      | Reached skill level 3 in Hexes
  1964 | D:8      | Reached skill level 3 in Summonings
  1964 | D:8      | Reached skill level 3 in Necromancy
  1964 | D:8      | Reached skill level 3 in Translocations
  1964 | D:8      | Reached skill level 3 in Transmutations
  1964 | D:8      | Reached skill level 3 in Fire Magic
  1964 | D:8      | Reached skill level 3 in Ice Magic
  1964 | D:8      | Reached skill level 3 in Air Magic
  1964 | D:8      | Reached skill level 3 in Earth Magic
  1964 | D:8      | Reached skill level 3 in Poison Magic
  1964 | D:8      | Reached skill level 4 in Invocations
  1969 | D:8      | Reached XP level 9. HP: 68/69 MP: 15/18
  1973 | D:8      | Reached skill level 6 in Fighting
  1973 | D:8      | Reached skill level 6 in Axes
  1973 | D:8      | Reached skill level 6 in Dodging
  2042 | D:8      | Noticed a two-headed ogre
  2050 | D:8      | Killed a two-headed ogre
  2050 | D:8      | Reached skill level 4 in Short Blades
  2050 | D:8      | Reached skill level 4 in Long Blades
  2050 | D:8      | Reached skill level 4 in Maces & Flails
  2050 | D:8      | Reached skill level 4 in Polearms
  2050 | D:8      | Reached skill level 4 in Staves
  2050 | D:8      | Reached skill level 4 in Slings
  2050 | D:8      | Reached skill level 4 in Bows
  2050 | D:8      | Reached skill level 4 in Crossbows
  2050 | D:8      | Reached skill level 4 in Throwing
  2050 | D:8      | Reached skill level 5 in Armour
  2050 | D:8      | Reached skill level 4 in Stealth
  2050 | D:8      | Reached skill level 4 in Shields
  2050 | D:8      | Reached skill level 4 in Unarmed Combat
  2050 | D:8      | Reached skill level 4 in Evocations
  2132 | D:10     | Entered Level 10 of the Dungeon
  2144 | D:10     | Noticed a troll
  2150 | D:10     | Killed a troll
  2172 | D:10     | Reached skill level 5 in Invocations
  2202 | D:10     | Found a staircase to the Lair.
  2219 | Lair:1   | Entered Level 1 of the Lair of Beasts
  2222 | Lair:1   | Noticed a komodo dragon
  2233 | Lair:1   | Killed a komodo dragon
  2233 | Lair:1   | Reached skill level 7 in Spellcasting
  2233 | Lair:1   | Reached XP level 10. HP: 55/77 MP: 8/20
  2252 | Lair:1   | Quit the game

Skill      XL: |  1  2  3  4  5  6  7  8  9 |
---------------+----------------------------+-----
Spellcasting   | 5 6 7 |  7.0
Invocations    | 1 2 3 4 5 |  5.2
Short Blades   | 1 2 3 4 |  4.7
Long Blades    | 1 2 3 4 |  4.7
Maces & Flails | 1 2 3 4 |  4.7
Polearms       | 1 2 3 4 |  4.7
Staves         | 1 2 3 4 |  4.7
Slings         | 1 2 3 4 |  4.7
Bows           | 1 2 3 4 |  4.7
Crossbows      | 1 2 3 4 |  4.7
Throwing       | 1 2 3 4 |  4.7
Stealth        | 1 2 3 4 |  4.7
Shields        | 1 2 3 4 |  4.7
Unarmed Combat | 1 2 3 4 |  4.7
Evocations     | 1 2 3 4 |  4.7
Conjurations   | 1 2 3 |  3.9
Hexes          | 1 2 3 |  3.9
Summonings     | 1 2 3 |  3.9
Necromancy     | 1 2 3 |  3.9
Translocations | 1 2 3 |  3.9
Transmutations | 1 2 3 |  3.9
Fire Magic     | 1 2 3 |  3.9
Ice Magic      | 1 2 3 |  3.9
Air Magic      | 1 2 3 |  3.9
Earth Magic    | 1 2 3 |  3.9
Poison Magic   | 1 2 3 |  3.9
Armour         | 3 4 5 |  5.4
Fighting       | 5 6 |  6.7
Axes           | 5 6 |  6.7
Dodging        | 5 6 |  6.7
Charms         | 6 |  6.8

Action                   |  1- 3 |  4- 6 |  7- 9 | 10-12 || total
-------------------------+-------+-------+-------+-------++-------
Melee: Hand axe          |   103 |   158 |    35 |       ||   296
       Punch             |     1 |       |       |       ||     1
       Bite              |     5 |    13 |    16 |       ||    34
       Whip              |       |       |    80 |     1 ||    81
Throw: Stone             |       |       |     2 |       ||     2
 Cast: Infusion          |     4 |     1 |       |       ||     5
       Song of Slaying   |     2 |     7 |     7 |       ||    16
       Spectral Weapon   |     5 |    15 |    17 |     1 ||    38
       Shroud of Golubri |     1 |     3 |     8 |       ||    12
       Regeneration      |     1 |     2 |     5 |       ||     8
Evoke: Wand              |       |       |     5 |       ||     5
  Use: Potion            |     1 |     5 |       |       ||     6
       Scroll            |       |     8 |     4 |       ||    12
 Stab: Sleeping          |     1 |       |     3 |       ||     4
  Eat: Chunk             |       |     3 |     5 |       ||     8
Armor: Leather armour    |    15 |    40 |     8 |       ||    63
       Skin              |       |       |     5 |       ||     5
Dodge: Dodged            |    65 |   111 |    79 |     2 ||   257
Block: Buckler           |       |       |    14 |       ||    14

Table legend:
 A = Turns spent in this place as a percentage of turns spent in the entire game.
 B = Non-inter-level travel turns spent in this place as a percentage of non-inter-level travel turns spent in the entire game.
 C = Inter-level travel turns spent in this place as a percentage of turns spent in this place.
 D = Turns resting spent in this place as a percentage of non-inter-level travel turns spent in this place.
 E = Turns spent auto-exploring this place as a percentage of non-inter-level travel turns spent in this place.
 F = Non-inter-level travel turns spent in this place divided by the number of levels of this place that you've seen.
                   A       B       C       D       E      F
               +-------+-------+-------+-------+-------+----------------------
         Total | 100.0 | 100.0 |   0.4 |   0.0 |   0.0 | 172.5
       Dungeon |  82.8 |  83.2 |   0.0 |   0.0 |   0.0 | 186.5
        Temple |   4.1 |   3.7 |  10.9 |   0.0 |   0.0 |  82.0
          Lair |   1.5 |   1.5 |   0.0 |   0.0 |   0.0 |  33.0
         Sewer |  11.6 |  11.7 |   0.0 |   0.0 |   0.0 | 262.0
               +-------+-------+-------+-------+-------+----------------------

Table legend:
 A = Kills in this place as a percentage of kills in entire the game.
 B = Kills by you in this place as a percentage of kills by you in the entire game.
 C = Kills by friends in this place as a percentage of kills by friends in the entire game.
 D = Other kills in this place as a percentage of other kills in the entire game.
 E = Experience gained in this place as a percentage of experience gained in the entire game.
 F = Experience gained in this place divided by the number of levels of this place that you have seen.
                   A       B       C       D       E      F
               +-------+-------+-------+-------+-------+----------------------
         Total | 100.0 | 100.0 |   N/A |   N/A | 100.0 | 371.9
       Dungeon |  70.7 |  70.7 |   N/A |   N/A |  89.7 | 433.8
          Lair |   0.8 |   0.8 |   N/A |   N/A |   7.1 | 343.0
         Sewer |  28.6 |  28.6 |   N/A |   N/A |   3.2 | 154.0
               +-------+-------+-------+-------+-------+----------------------

Vault maps used:
D:1:      evilmike_arrival_run_for_it
D:2:      minmay_diamond_boxcup, grunt_temple_overflow_cloverleaf,
          grunt_decor_resistance
D:3:      portal_sewer_entry_a, kennysheep_okawaru_gauntlet, uniq_terence
D:4:      first_ration, grunt_dithmenos_smoke
D:5:      lemuel_blue_sif_altar, uniq_eustachio, uniq_sigmund, uniq_duvessa,
          uniq_pikel
D:6:      grunt_ministairs_6
D:7:      lemuel_ice_spiral_2, nicolae_overflow_hidden_temple,
          minmay_temple_entry_nine_rooms
D:8:      grunt_ogre_cave, uniq_maurice, uniq_grum
D:9:      nicolae_overflow_crystal_walls
D:10:     erik_lair_island, david_orc_2, basic_altar, special_room,
          hangedman_decor_riveting, st_stairs_14,
          nicolae_qazlal_general_emergency
Temple:   nicolae_temple_figure_eight
Lair:1:   patterned_corridor, uniq_erica, uniq_sonja
Sewer:    sewer_sea
